 Dungeon Crawl Stone Soup version 0.26-a0-663-g36e8fdb655 (webtiles) character file.

Game seed: 10373771394362387314

188402 halkony2012 the Hoplite (level 17, -6/259 HPs)
             Began as a Minotaur Fighter on Oct 11, 2020.
             Was the Champion of Okawaru.
             Mangled by a shambling mangrove (8 damage)
             ... on level 4 of the Swamp.
             The game lasted 01:45:40 (33154 turns).

halkony2012 the Hoplite (Minotaur Fighter)         Turns: 33154, Time: 01:45:41

Health: -6/259     AC: 28    Str: 32    XL:     17   Next: 91%
Magic:  16/16      EV: -1    Int:  5    God:    Okawaru [******]
Gold:   1424       SH: 29    Dex: 17    Spells: 16/16 levels left

rFire    + + .     SeeInvis .   a - +6 broad axe
rCold    x . .     Faith    .   N - +2 tower shield {rPois}
rNeg     + + +     Spirit   .   (armour currently unavailable)
rPois    +         Reflect  .   (helmet currently unavailable)
rElec    .         Harm     .   (cloak currently unavailable)
rCorr    .         Rampage  .   (gloves currently unavailable)
MR       +....     NoTele   +   (boots currently unavailable)
Stlth    +++.......             e - amulet of Yberoplu {rF++ rC- Regen+ Dex+3 Stlth+}
HPRegen  0.93/turn              F - +4 ring of evasion
MPRegen  0.15/turn              B - +6 ring of strength

@: mighty, tree-form, grasped by roots, very slightly contaminated, constricted,
invisible
A: (retaliatory headbutt), agile 1, screaming 1, wild magic 1
a: Heroism, Finesse, Renounce Religion


You were on level 4 of the Swamp.
You worshipped Okawaru.
Okawaru was exalted by your worship.
You were a tree.
You visited 5 branches of the dungeon, and saw 28 of its levels.
You also visited: Ossuary and Ice Cave.

You collected 3561 gold pieces.
You spent 2137 gold pieces at shops.

Inventory:

Hand Weapons
 a - a +6 broad axe (weapon)
 b - a +3 war axe of flaming
Missiles
 R - a throwing net (quivered)
Armour
 f - a +2 pair of gloves (melded)
 C - a +1 pair of boots (melded)
 N - a +2 tower shield of poison resistance (worn)
 S - a +0 plate armour of cold resistance (melded)
 U - a +0 cloak (melded)
Jewellery
 e - the amulet of Yberoplu (around neck) {rF++ rC- Regen+ Dex+3 Stlth+}
   (You acquired it on level 14 of the Dungeon)

   [amulet of regeneration]

   It affects your dexterity (+3).
   It greatly protects you from fire.
   It makes you vulnerable to cold.
   It increases your rate of regeneration.
   It makes you more stealthy.
 l - an uncursed amulet of the acrobat
 y - an uncursed ring of resist corrosion
 B - a +6 ring of strength (right branch)
 F - a +4 ring of evasion (left branch)
 Z - an uncursed amulet of guardian spirit
Wands
 c - a wand of flame (68)
 D - a wand of paralysis (4)
 E - a wand of acid (16)
 G - a wand of enslavement (14)
 K - a wand of iceblast (23)
Scrolls
 g - 10 scrolls of identify
 h - 6 scrolls of fear
 i - 4 scrolls of enchant weapon
 j - a scroll of brand weapon {unknown}
 k - a scroll of vulnerability {unknown}
 m - a scroll of amnesia
 r - 16 scrolls of remove curse
 z - 4 scrolls of teleportation
 I - 8 scrolls of magic mapping
 P - 7 scrolls of enchant armour
Potions
 d - 2 potions of might
 n - 2 potions of lignification
 o - 15 potions of curing
 p - 3 potions of cancellation
 q - 5 potions of haste
 s - a potion of berserk rage
 t - a potion of resistance
 A - 2 potions of magic
 L - 3 potions of flight
 O - 3 potions of stabbing
 T - 2 potions of ambrosia
Miscellaneous
 v - a condenser vane (2/2)


   Skills:
 + Level 21.0 Fighting
 * Level 15.8 Axes
 - Level 4.4 Armour
 - Level 0.8 Dodging
 - Level 1.7 Stealth
 * Level 24.6 Shields
 - Level 0.3 Invocations


You had 16 spell levels left.
You didn't know any spells.
Your spell library contained the following spells:

 Spells                   Type           Power        Failure   Level
 Animate Skeleton         Necr           #.....       58%         1
 Corona                   Hex            #......      58%         1
 Foxfire                  Conj/Fire      #...         58%         1
 Freeze                   Ice            #...         58%         1
 Pain                     Necr           #...         58%         1
 Sandblast                Erth           #.....       58%         1
 Corpse Rot               Necr/Air       N/A          71%         2
 Ensorcelled Hibernation  Hex/Ice        #.....       71%         2
 Passwall                 Tmut/Erth      #.......     71%         2
 Confusing Touch          Hex            #.......     90%         3
 Conjure Flame            Conj/Fire      #.......     90%         3
 Dazzling Flash           Conj/Hex       #.....       90%         3
 Frozen Ramparts          Ice            #.....       90%         3
 Gell's Gravitas          Tloc           #.........   90%         3
 Inner Flame              Hex/Fire       #.......     90%         3
 Ozocubu's Armour         Ice            #.......     90%         3
 Stone Arrow              Conj/Erth      #.....       90%         3
 Tukima's Dance           Hex            #.......     90%         3
 Vampiric Draining        Necr           #.........   90%         3
 Animate Dead             Necr           #.........   100%        4
 Dispel Undead            Necr           #.......     100%        4
 Hailstorm                Conj/Ice       #.......     100%        4
 Petrify                  Tmut/Erth      #.......     100%        4
 Sticky Flame             Conj/Fire      #.......     100%        4
 Summon Ice Beast         Ice/Summ       #.......     100%        4
 Agony                    Necr           #.......     100%        5
 Bolt of Magma            Conj/Fire/Erth #.........   100%        5
 Fireball                 Conj/Fire      #.........   100%        5
 Iskenderun's Battlesphe  Conj           #.......     100%        5
 Lee's Rapid Deconstruct  Erth           #.........   100%        5
 Metabolic Englaciation   Hex/Ice        #.........   100%        5
 Yara's Violent Unravell  Hex/Tmut       #.........   100%        5
 Iron Shot                Conj/Erth      #.........   100%        6
 Orb of Destruction       Conj           #.........   100%        7
 Spellforged Servitor     Conj/Summ      #.........   100%        7


Dungeon Overview and Level Annotations

Branches:
Dungeon (15/15)            Temple (1/1) D:6            Lair (6/6) D:9
  Swamp (4/4) Lair:4       Spider (0/4) Lair:4        Slime (0/5) Lair:6
    Orc (2/2) D:10            Elf (0/3) Orc:2        Vaults (0/5) D:13
 Depths (0/5) D:15        Ossuary (visited)           IceCv (visited)

Altars:
Ashenzari
Cheibriados
Dithmenos
Elyvilon
Fedhas
Gozag
Hepliaklqana
Kikubaaqudgha
Makhleb
Nemelex Xobeh
Okawaru
Qazlal
Ru
Sif Muna
Trog
Uskayaw
Vehumet
Wu Jian
Yredelemnul
Zin
The Shining One
Jiyva
Lugonu

Shops:
D:11 *   D:12 [   Orc:1 !   Orc:2 ?[(!

Annotations:
D:6 1 runed translucent door, GoodGuyCap's ghost, novice HuNe
D:13 1 exclusion
Lair:3 1 runed translucent door, Maimakterion's ghost, journeyman OpIE
Lair:6 4 runed translucent doors, Buiveh's ghost, journeyman GrEE; Hoseluit's ghost, journeyman DEAE; Ikheod's ghost, journeyman MfGl; Kiosiu Mier's ghost, journeyman NaIE; Piggeq's ghost, journeyman MiFi


Innate Abilities, Weirdness & Mutations

((You reflexively headbutt those who attack you in melee.))
((You have a pair of horns on your head.))
You are agile. (Dex +2)
You occasionally shout uncontrollably at your foes.
Your spells are a little harder to cast, but a little more powerful.


Message History

* * * LOW HITPOINT WARNING * * *
The grasping roots constrict you!
You slice the shambling mangrove!!
The shambling mangrove is moderately damaged.
You hit the shambling mangrove but do no damage.
The shambling mangrove is moderately damaged.
You block the shambling mangrove's attack.
* * * LOW HITPOINT WARNING * * *
The grasping roots constrict you.
You cannot teleport because you are held in place by your roots.
You cannot move.
You fade into invisibility!
You block the shambling mangrove's attack.
The grasping roots constrict you.
You are very lightly contaminated with residual magic.
You block the shambling mangrove's attack.
* * * LOW HITPOINT WARNING * * *
The grasping roots constrict you.
You block the shambling mangrove's attack.
You die...

≈.♣♣[♣♣≈≈≈♣♣[[.≈..≈≈≈≈.≈.♣♣≈≈♣♣≈≈
.≈≈.≈.♣♣♣♣♣♣..≈≈≈≈≈≈≈§♣♣♣♣.≈≈♣♣♣≈
.≈≈≈≈≈.♣ ♣...P.≈≈≈.≈.≈♣ ♣.≈.♣ ♣♣
♣♣.≈≈≈.♣ ##...###≈(..≈♣ ♣♣..♣♣♣♣
♣♣≈....♣ ##.≈♣###...♣♣ ♣≈....≈.
♣♣♣♣♣♣≈≈# ##.≈..# #≈≈≈♣♣♣♣≈≈≈.≈..
♣ ♣.#♣##.≈♣.≈#♣##≈≈≈.♣≈≈≈≈.≈≈≈
♣## #..♣.)..#♣##.....≈..≈.≈≈
♣.♣≈..≈♣.♣)♣ #♣..≈....♣♣♣≈
#≈..≈♣≈≈.f$.♣ ##......≈♣♣♣ ♣♣
#..♣♣.♣♣♣♣≈.♣ ##≈♣♣§.§♣ ≈♣ #.#
#♣♣ ..♣ ##.♣♣♣♣♣ ## ..≈ ..≈. #. #
/..# ...♣. #♣ ##≈≈ ...≈ ..8 ♣§≈..


You could see a shambling mangrove.

Vanquished Creatures
  Mara (Swamp:4)
  Nikola (Swamp:2)
  Gastronok (Orc:1)
  Kirke (Swamp:1)
  4 thorn hunters (Swamp:4)
  Louise (Swamp:2)
  A very ugly thing (Swamp:3)
  2 vampire knights (Swamp:4)
  An entropy weaver (D:11)
  Nessos (Lair:5)
  Snorg (D:12)
  Josephine (Lair:5)
  5 ogre magi
  Erolcha (D:11)
  3 vault guards (D:13)
  18 hydras
  Harold (Lair:2)
  5 centaur warriors
  4 shambling mangroves
  2 boulder beetles (D:14)
  3 ghost crabs
  A death knight (D:15)
  10 death yaks
  2 catoblepae
  13 alligators
  20 two-headed ogres
  Sonja (Lair:1)
  2 fire crabs (D:11)
  3 unseen horrors
  12 swamp dragons
  3 flayed ghosts (Swamp:4)
  A wizard (D:15)
  4 spriggan druids
  2 spectral hydras (Swamp:4)
  2 deep elf archers (D:13)
  6 orc knights
  A lindwurm (Lair:6)
  3 phantasmal warriors
  A harpy (shapeshifter) (D:14)
  5 deep elf magi
  3 wolf spiders
  5 orc sorcerers
  3 manticores
  12 ugly things
  3 cyclopes
  21 elephants
  A black mamba (shapeshifter) (D:15)
  A guardian serpent (Lair:6)
  10 black mambas
  5 torpor snails (Lair:6)
  Joseph (D:7)
  24 cane toads
  Maggie (D:6)
  A gargoyle (D:13)
  2 rime drakes (Lair:2)
  3 freezing wraiths
  12 komodo dragons
  2 efreet
  2 kobold demonologists (D:11)
  2 death drake zombies (Swamp:4)
  3 tengu conjurers (D:13)
  7 trolls
  2 polar bears (Lair:2)
  18 hornets
  Grinder (D:4)
  7 slime creatures
  2 hydra skeletons (Swamp:4)
  A death drake skeleton (Swamp:4)
  20 tyrant leeches
  14 bog bodies
  16 blink frogs
  4 redbacks (Lair:6)
  6 spriggans
  10 wraiths
  14 wyverns
  3 shadows
  A fire elemental (Lair:4)
  48 yaks
  3 water elementals (D:14)
  5 steam dragons
  5 basilisks
  23 vampire mosquitoes
  Grum (D:8)
  3 wargs
  7 insubstantial wisps
  15 swamp worms
  4 hydra simulacra (Swamp:4)
  An acid dragon (D:14)
  Duvessa (D:7)
  A floating eye (D:9)
  23 water moccasins
  22 orc warriors
  12 swamp drakes
  2 sky beasts (D:5)
  4 ice beasts
  3 swamp dragon zombies (Swamp:4)
  5 phantoms
  2 necrophages
  6 black bears
  28 ogres
  12 centaurs
  4 wolves (D:8)
  4 big kobolds
  12 bullfrogs
  2 elf zombies (D:7)
  A gnoll sergeant (D:9)
  Dowan (D:7)
  9 scorpions
  2 troll zombies (D:10)
  11 wights
  4 howler monkeys
  3 electric eels (Lair:4)
  3 bullfrog zombies
  7 human zombies
  5 centaur skeletons
  8 hounds
  7 centaur zombies
  2 jellies
  15 orc priests
  2 bullfrog skeletons
  20 orc wizards
  2 human skeletons (D:7)
  6 iguanas
  Natasha (thrice) (D:3)
  13 worker ants
  A big kobold zombie (Ossuary)
  6 ogre zombies (D:10)
  A hound zombie (D:5)
  A hound skeleton (D:8)
  4 mummies
  2 worker ant zombies
  Robin (D:4)
  3 gnolls (D:9)
  A scorpion zombie (Ossuary)
  8 adders
  An ogre simulacrum (IceCv)
  3 shadow imps
  2 white imps (IceCv)
  3 ufetubi
  An adder skeleton (D:4)
  3 worms
  5 leopard geckos
  93 orcs
  2 ball pythons (D:1)
  5 bats
  10 giant cockroaches
  5 goblins
  8 hobgoblins
  9 jackals
  15 kobolds
  2 quokkas
  A ball python skeleton (D:5)
  9 frilled lizards
  A gnoll zombie (Ossuary)
  5 goblin zombies
  4 hobgoblin zombies
  A kobold zombie (Ossuary)
  4 orc skeletons (D:10)
  21 orc zombies
  A quokka skeleton (D:7)
  9 rats
  A briar patch (Swamp:4)
1027 creatures vanquished.

Vanquished Creatures (others)
  A spriggan druid (Swamp:2)
  A tyrant leech (Swamp:3)
  A hornet (Swamp:2)
  A spriggan (Swamp:2)
  5 humans (Swamp:1)
  A swamp worm (Swamp:3)
  A swamp drake (Swamp:1)
  An ufetubus (IceCv)
  9 briar patches (Swamp:4)
  2 bushes
  63 fungi
  111 plants
  8 withered plants
205 creatures vanquished.

Grand Total: 1232 creatures vanquished

Notes
Turn   | Place    | Note
-------+----------+-------------------------------------------
     0 | D:1      | halkony2012 the Minotaur Fighter began the quest for the
                  | Orb.
     0 | D:1      | Reached XP level 1. HP: 19/19 MP: 0/0
    86 | D:1      | Reached XP level 2. HP: 22/27 MP: 1/1
   486 | D:2      | Reached skill level 4 in Shields
   855 | D:2      | Reached XP level 3. HP: 33/33 MP: 2/2
  1433 | D:3      | Reached XP level 4. HP: 26/40 MP: 3/3
  1592 | D:3      | Found a hazy altar of Hepliaklqana.
  1604 | D:3      | Noticed Natasha
  1608 | D:3      | Killed Natasha
  1717 | D:3      | Found a faded altar of an unknown god.
  1765 | D:3      | Noticed Natasha
  1774 | D:3      | Killed Natasha
  1888 | D:3      | Noticed Natasha
  1893 | D:3      | Killed Natasha
  1893 | D:3      | Reached XP level 5. HP: 32/47 MP: 4/4
  2182 | D:4      | Reached skill level 5 in Axes
  2283 | D:4      | Reached XP level 6. HP: 55/55 MP: 5/5
  2396 | D:4      | Noticed Grinder
  2401 | D:4      | Paralysed by Grinder for 3 turns
  2414 | D:4      | Paralysed by Grinder for 5 turns
  2419 | D:4      | Killed Grinder
  2419 | D:4      | Reached skill level 5 in Fighting
  2419 | D:4      | Reached skill level 1 in Stealth
  2829 | D:4      | Noticed Robin
  2840 | D:4      | Killed Robin
  2897 | D:4      | Reached XP level 7. HP: 61/61 MP: 6/6
  2928 | D:4      | Found a hide-covered altar of Uskayaw.
  3006 | D:4      | Found a sparkling altar of Nemelex Xobeh.
  3072 | D:4      | Found a radiant altar of Vehumet.
  3351 | D:5      | Entered Level 5 of the Dungeon
  3380 | D:5      | Found a sand-covered staircase.
  3391 | Ossuary  | Entered an ossuary
  3770 | Ossuary  | Reached XP level 8. HP: 24/71 MP: 7/7
  4447 | D:5      | Found an ancient bone altar of Kikubaaqudgha.
  4478 | D:5      | Found a blossoming altar of Fedhas.
  4542 | D:5      | Found a broken altar of Ashenzari.
  4989 | D:5      | Reached skill level 10 in Axes
  5232 | D:6      | Found a staircase to the Ecumenical Temple.
  5240 | Temple   | Entered the Ecumenical Temple
  5278 | Temple   | Became a worshipper of Warmaster Okawaru
  5606 | D:6      | Reached XP level 9. HP: 81/81 MP: 8/8
  5645 | D:6      | Found a runed translucent door.
  5647 | D:6      | Noticed GoodGuyCap's ghost (novice HuNe)
  5710 | D:6      | Noticed Maggie
  5716 | D:6      | Killed Maggie
  5716 | D:6      | Reached * piety under Okawaru
  5810 | D:6      | Found a sacrificial altar of Ru.
  6389 | D:7      | Found a basalt altar of Yredelemnul.
  6598 | D:7      | Reached ** piety under Okawaru
  6816 | D:7      | Noticed Dowan
  6817 | D:7      | Noticed Duvessa
  6822 | D:7      | Killed Dowan
  6830 | D:7      | Killed Duvessa
  6893 | D:7      | Noticed Joseph
  6901 | D:7      | Killed Joseph
  6901 | D:7      | Reached XP level 10. HP: 75/91 MP: 6/9
  7340 | D:7      | You fall into a shaft and drop 2 floors!
  7383 | D:9      | Found a glowing silver altar of Zin.
  7393 | D:8      | Found an opulent altar of Gozag.
  7473 | D:8      | Noticed Grum
  7489 | D:8      | Killed Grum
  7507 | D:8      | Reached *** piety under Okawaru
  7859 | D:8      | Found a burning altar of Makhleb.
  7999 | D:8      | Reached skill level 10 in Fighting
  8071 | D:8      | Reached skill level 5 in Shields
  8862 | D:9      | Noticed an elephant
  8863 | D:9      | Found a staircase to the Lair.
  8878 | D:9      | Reached skill level 6 in Shields
  8881 | D:9      | Killed an elephant
  9164 | D:9      | Reached skill level 7 in Shields
  9207 | D:9      | Found a shadowy altar of Dithmenos.
  9235 | D:9      | Found an ornate altar of the Wu Jian Council.
  9239 | D:9      | Reached **** piety under Okawaru
  9493 | D:9      | Found a snail-covered altar of Cheibriados.
  9502 | D:9      | Found a stormy altar of Qazlal.
  9587 | D:9      | Noticed a moth of wrath
  9590 | D:9      | Found a bloodstained altar of Trog.
  9795 | D:9      | Paralysed by a floating eye for 2 turns
  9799 | D:9      | Reached skill level 8 in Shields
  9887 | D:10     | Entered Level 10 of the Dungeon
  9910 | D:10     | Reached XP level 11. HP: 100/102 MP: 10/10
 10242 | D:10     | Found a staircase to the Orcish Mines.
 10999 | D:10     | Reached skill level 9 in Shields
 11083 | D:11     | Found Himazeud's Assorted Antiques.
 11102 | D:11     | Killed an unseen horror
 11500 | D:11     | Killed an unseen horror
 11550 | D:11     | Bought a shiny plate armour for 572 gold pieces
 11550 | D:11     | Bought a scroll of identify for 44 gold pieces
 11608 | D:11     | Reached skill level 10 in Shields
 11718 | D:11     | Noticed Erolcha
 11729 | D:11     | Killed Erolcha
 12254 | D:11     | Found a runed translucent door.
 12584 | D:11     | Reached skill level 11 in Shields
 12765 | D:11     | Noticed a fire crab
 12780 | D:11     | Killed a fire crab
 12780 | D:11     | Reached ***** piety under Okawaru
 12789 | D:11     | Noticed an entropy weaver
 12789 | D:11     | Noticed a fire crab
 12802 | D:11     | Killed a fire crab
 12806 | D:11     | Killed an entropy weaver
 13136 | Lair:1   | Entered Level 1 of the Lair of Beasts
 13152 | Lair:1   | Received a gift from Okawaru
 13152 | Lair:1   | Reached skill level 12 in Shields
 13168 | Lair:1   | Reached XP level 12. HP: 81/115 MP: 11/11
 13316 | Lair:1   | Noticed Sonja
 13329 | Lair:1   | Killed Sonja
 13491 | Lair:1   | Noticed an eight-headed hydra
 13498 | Lair:1   | Killed a nine-headed hydra
 13549 | Lair:1   | You fall into a shaft and drop 1 floor!
 13562 | Lair:2   | Noticed Harold
 13589 | Lair:2   | Noticed a catoblepas
 13601 | Lair:2   | Reached skill level 13 in Shields
 13611 | Lair:2   | Killed a catoblepas
 13649 | Lair:2   | Killed Harold
 13877 | Lair:1   | Reached skill level 14 in Shields
 14932 | Lair:2   | Reached skill level 15 in Shields
 15747 | Lair:3   | Received a gift from Okawaru
 15747 | Lair:3   | Reached skill level 15 in Fighting
 15747 | Lair:3   | Reached XP level 13. HP: 120/126 MP: 9/12
 15931 | Lair:3   | Found a runed translucent door.
 15932 | Lair:3   | Noticed Maimakterion's ghost (journeyman OpIE)
 16895 | Lair:4   | Found a staircase to the Swamp.
 17276 | Lair:4   | Found a hole to the Spider Nest.
 17285 | Lair:4   | Reached skill level 16 in Shields
 17849 | Lair:5   | Noticed Nessos
 17867 | Lair:5   | Killed Nessos
 18176 | Lair:5   | Noticed Josephine
 18204 | Lair:5   | Reached skill level 17 in Shields
 18455 | Lair:5   | Killed Josephine
 18486 | Lair:5   | Reached XP level 14. HP: 116/137 MP: 11/13
 18537 | Lair:5   | Reached skill level 18 in Shields
 19378 | Lair:6   | Entered Level 6 of the Lair of Beasts
 19505 | Lair:6   | Found a runed translucent gate.
 19505 | Lair:6   | Found a runed translucent gate.
 19506 | Lair:6   | Found a runed translucent gate.
 19509 | Lair:6   | Noticed Piggeq's ghost (journeyman MiFi)
 19509 | Lair:6   | Noticed Ikheod's ghost (journeyman MfGl)
 19509 | Lair:6   | Noticed Buiveh's ghost (journeyman GrEE)
 19514 | Lair:6   | Noticed Kiosiu Mier's ghost (journeyman NaIE)
 19721 | Lair:6   | Noticed Hoseluit's ghost (journeyman DEAE)
 19745 | Lair:6   | Reached skill level 19 in Shields
 20018 | Lair:6   | Found an iron altar of Okawaru.
 20204 | Lair:6   | Received a gift from Okawaru
 20493 | Lair:6   | Found a viscous altar of Jiyva.
 20493 | Lair:6   | Found a staircase to the Slime Pits.
 20833 | Lair:6   | Found a runed translucent door.
 22235 | D:12     | Noticed Snorg
 22250 | D:12     | Killed Snorg
 22250 | D:12     | Reached XP level 15. HP: 119/147 MP: 6/14
 22469 | D:12     | Found Vublu's Armour Shoppe.
 22474 | D:12     | Bought a +2 pair of gloves for 198 gold pieces
 22474 | D:12     | Bought a +0 plate armour of cold resistance for 360 gold
                  | pieces
 22519 | D:12     | Reached skill level 20 in Shields
 23383 | D:13     | Found a gate to the Vaults.
 24035 | D:14     | Received a gift from Okawaru
 24067 | D:14     | Identified the Guide on the Mountains and Dark Secrets
 24363 | D:14     | Got an ancient kite shield
 24377 | D:14     | Identified the +0 kite shield of Adead {Regen+} (You found
                  | it on level 14 of the Dungeon)
 24438 | D:14     | Reached skill level 21 in Shields
 24639 | D:14     | Identified a scroll of acquirement
 24639 | D:14     | Acquired the amulet of Yberoplu {rF++ rC- Regen+ Dex+3
                  | Stlth+}
 24995 | D:15     | Entered Level 15 of the Dungeon
 25218 | D:15     | Paralysed by an orc sorcerer for 5 turns
 25224 | D:15     | Paralysed by an orc sorcerer for 3 turns
 25536 | D:15     | Paralysed by an orc sorcerer for 4 turns
 25597 | D:15     | Found a staircase to the Depths.
 25900 | Orc:1    | Entered Level 1 of the Orcish Mines
 25905 | Orc:1    | Noticed Gastronok
 25926 | Orc:1    | Killed Gastronok
 25926 | Orc:1    | Reached XP level 16. HP: 115/159 MP: 15/15
 26166 | Orc:1    | You fall into a shaft and drop 1 floor!
 26166 | Orc:2    | Entered Level 2 of the Orcish Mines
 26285 | Orc:1    | Found Oduati Toip's Distillery.
 26293 | Orc:1    | Bought a potion of haste for 120 gold pieces
 26293 | Orc:1    | Bought a potion of cancellation for 96 gold pieces
 26293 | Orc:1    | Bought a potion of heal wounds for 60 gold pieces
 26293 | Orc:1    | Bought a potion of invisibility for 96 gold pieces
 26856 | Orc:2    | Found a staircase to the Elven Halls.
 26911 | Orc:2    | Reached skill level 22 in Shields
 27152 | Orc:2    | Found Huocap's Antique Armour Emporium.
 27152 | Orc:2    | Found Xipsibu's Magic Scroll Boutique.
 27191 | Orc:2    | Received a gift from Okawaru
 27194 | Orc:2    | Paralysed by an ogre mage for 7 turns
 27321 | Orc:2    | Found Ifimunn's Distillery.
 27321 | Orc:2    | Found Duthaesm's Antique Weapon Emporium.
 27511 | Orc:2    | Bought a scroll of enchant weapon for 82 gold pieces
 27511 | Orc:2    | Bought a scroll of teleportation for 33 gold pieces
 27513 | Orc:2    | Bought a potion of might for 56 gold pieces
 27513 | Orc:2    | Bought a potion of might for 56 gold pieces
 27513 | Orc:2    | Bought a potion of cancellation for 112 gold pieces
 27513 | Orc:2    | Bought a potion of haste for 140 gold pieces
 27513 | Orc:2    | Bought a potion of cancellation for 112 gold pieces
 27944 | D:12     | Gained mutation: You occasionally shout uncontrollably at
                  | your foes. [potion of mutation]
 27944 | D:12     | Gained mutation: You are agile. (Dex +2) [potion of
                  | mutation]
 27944 | D:12     | Gained mutation: Your spells are a little harder to cast,
                  | but a little more powerful. [potion of mutation]
 28205 | Swamp:1  | Entered Level 1 of the Swamp
 28306 | Swamp:1  | Noticed Kirke
 28332 | Swamp:1  | Killed Kirke
 28364 | Swamp:1  | Received a gift from Okawaru
 29274 | Swamp:2  | Noticed Nikola
 29318 | Swamp:2  | Killed Nikola
 29318 | Swamp:2  | Reached skill level 23 in Shields
 29554 | Swamp:2  | Noticed Louise
 29591 | Swamp:2  | Killed Louise
 30199 | Swamp:2  | Reached XP level 17. HP: 156/170 MP: 13/16
 31151 | Swamp:4  | Entered Level 4 of the Swamp
 31188 | Swamp:4  | Found a frozen archway.
 31259 | IceCv    | Entered an ice cave
 31541 | Swamp:4  | Noticed Mara
 31550 | Swamp:4  | Noticed halkony2012's illusion
 31574 | Swamp:4  | Killed Mara
 31574 | Swamp:4  | Received a gift from Okawaru
 31574 | Swamp:4  | Reached skill level 24 in Shields
 32032 | Swamp:4  | Reached skill level 15 in Axes
 33141 | Swamp:4  | HP: 8/173 [thorn hunter/volley of thorns (32)]
 33146 | Swamp:4  | Reached ****** piety under Okawaru
 33147 | Swamp:4  | HP: 12/259 [shambling mangrove (3)]
 33148 | Swamp:4  | HP: 3/259 [shambling mangrove (10)]
 33150 | Swamp:4  | HP: 1/259 [shambling mangrove (4)]
 33154 | Swamp:4  | Mangled by a shambling mangrove

Illustrated notes

Levels and vault maps discovered:
D:1:      minmay_arrival_shattered_statue, layout_basic
D:2:      layout_basic, nicolae_overflow_hidden_temple,
          chequers_decorated_corner
D:3:      layout_rooms, nicolae_overflow_crystal_walls,
          chequers_ecumenical_altar_grove, minmay_quantized, uniq_natasha
D:4:      layout_basic, lemuel_round_altar, eat_drink_and_be_merry_uskayaw,
          vehumet_crystals, uniq_grinder, uniq_robin
D:5:      minmay_polygon_palace, layout_loops_ring,
          grunt_temple_overflow_growth_and_decay, lemuel_round_altar,
          nicolae_ossuary_entry_ruins, minivault_5, minmay_misc_feat_columns,
          corexii_shack
D:6:      layout_loops_cross, minmay_temple_entry_mist, gammafunk_ghost_grave,
          basic_altar, uniq_maggie
D:7:      layout_loops_ring, lemuel_mausoleum_altar_yredelemnul,
          hangedman_decor_push, minmay_unpleasant_kobolds, uniq_duvessa,
          uniq_joseph
D:8:      layout_loops_corners, old_standard_altar, makhleb_blood_cavern_becter,
          uniq_grum
D:9:      layout_basic, overflow_temple_1_default,
          grunt_dithmenos_smoke_and_mirrors, tgw_trog,
          grunt_temple_overflow_open, david_lair_generic, st_stairs_1,
          onia_ninara_cookie
D:10:     kennysheep_steamy, layout_rooms, zombieorc2_lemuel,
          kb_lookout_dungeons_type, onia_ninara_dug_in_and_dangerous
D:11:     gammafunk_mikee_crab_dinner, layout_cave_pools, serial_shops,
          nicolae_shop_waterfront, uniq_erolcha
D:12:     layout_roguey, serial_shops, shop, uniq_snorg
D:13:     layout_irregular_city, grunt_vaults_entry_fortified,
          kennysheep_small_spiral
D:14:     layout_cave_pools, serial_bayou, serial_bayou_pond_e,
          serial_bayou_pond_b, serial_bayou_pond_d, serial_bayou_ford_a,
          glass_columns_c, kennysheep_generic_room_3
D:15:     grunt_enter_depths_magical_seal, layout_rooms, minivault_26,
          hangedman_abyss_or_decor_stabs
Temple:   corrupted_temple
Lair:1:   layout_loops_ring, cheibrodos_lair_caveside_slide,
          chequers_serial_rivers_small_b, chequers_serial_rivers_micro_a,
          uniq_sonja
Lair:2:   layout_regular_city, hangedman_lair_generics_rect, uniq_harold
Lair:3:   layout_hall_layers, gammafunk_ghost_grave
Lair:4:   layout_gridlike, nicolae_swamp_entry_splash_gauntlet,
          spider_nest_entry_rubble, lemuel_fruit_tree
Lair:5:   layout_cave_pods, grunt_megastairs_2, uniq_nessos, uniq_josephine
Lair:6:   wormcave, layout_regular_city, hangedman_lair_tendril_chambers,
          dpeg_slime_entry_enclosed_altar, basic_altar, gammafunk_ghost_cemetery
Swamp:1:  layout_basic_swamp, evilmike_swamp_ruin_house_4,
          infiniplex_staircase_pool, uniq_kirke
Swamp:2:  layout_basic_swamp, evilmike_swamp_ruin_house_1, swamp_pool1,
          nicolae_swamp_spriggan_camp, uniq_nikola, uniq_louise
Swamp:3:  layout_falls_marsh, nicolae_swamp_stair_fork
Swamp:4:  byrel_swamp_growth_death_and_undeath, layout_basic_swamp,
          portal_ice_cave_entry_pillars_1, uniq_mara
Orc:1:    cheibrodos_orc_arena, layout_diamond_mine, serial_shops, shop,
          uniq_gastronok
Orc:2:    st_orc_ogre_mass, layout_diamond_mine

Skill      XL: |  1  2  3  4  5  6  7  8  9 10 11 12 13 14 15 16 17 |
---------------+----------------------------------------------------+-----
Armour         | 4 |  4.4
Fighting       | 4 5 6 8 9 11 13 15 16 17 18 20 21 | 21.0
Shields        | 4 8 12 15 17 19 21 23 24 | 24.6
Axes           | 3 4 5 6 8 11 13 14 15 | 15.8
Stealth        | 1 |  1.7
Dodging        | |  0.8
Invocations    | |  0.3

Action                   |  1- 3 |  4- 6 |  7- 9 | 10-12 | 13-15 | 16-18 || total
-------------------------+-------+-------+-------+-------+-------+-------++-------
Melee: War axe           |    63 |   100 |   357 |   345 |    32 |   186 ||  1083
       Headbutt          |    10 |    14 |    94 |   159 |   316 |   246 ||   839
       Broad axe         |       |       |       |   331 |   949 |   645 ||  1925
       Hand axe          |       |       |       |       |   118 |       ||   118
Invok: Heroism           |       |       |     3 |    34 |   109 |    64 ||   210
       Finesse           |       |       |       |       |     9 |     4 ||    13
Evoke: Wand              |       |       |       |     9 |    14 |    20 ||    43
  Use: Potion            |       |     2 |     2 |     4 |       |    16 ||    24
       Scroll            |       |     1 |     8 |    11 |    12 |    15 ||    47
 Stab: Petrified         |       |       |       |     1 |       |       ||     1
       Confused          |       |       |       |       |     1 |     1 ||     2
Armor: Scale mail        |    24 |    36 |    87 |   100 |       |       ||   247
       Plate armour      |       |       |       |   132 |   193 |   251 ||   576
       Skin              |       |       |       |       |       |     1 ||     1
Dodge: Dodged            |    20 |    26 |    78 |   193 |   222 |   227 ||   766
Block: Kite shield       |    37 |    42 |   146 |   370 |       |       ||   595
       Tower shield      |       |       |       |       |  1066 |   986 ||  2052

Table legend: (Time is in decaauts)
 A = Elapsed time spent in this place.
 B = Non-inter-level travel time spent in this place.
 C = Inter-level travel time spent in this place.
 D = Time resting spent in this place.
 E = Time spent auto-exploring this place.
 F = Levels seen in this place.
 G = Mean time per level.
                   A        B        C        D        E       F      G
               +--------+--------+--------+--------+--------+-----+--------+
         Total |  33079 |  31483 |   1596 |   5439 |  18071 |  30 | 1102.6 |
       Dungeon |  16481 |  15659 |    822 |   2162 |  10169 |  15 | 1098.7 |
        Temple |     52 |     52 |      0 |      0 |     26 |   1 |   52.0 |
          Lair |   8877 |   8423 |    454 |   1362 |   5055 |   6 | 1479.5 |
         Swamp |   4948 |   4731 |    217 |   1528 |   1607 |   4 | 1237.0 |
  Orcish Mines |   1949 |   1846 |    103 |    125 |   1005 |   2 |  974.5 |
       Ossuary |    669 |    669 |      0 |    207 |    207 |   1 |  669.0 |
      Ice Cave |    100 |    100 |      0 |     54 |      0 |   1 |  100.0 |
               +--------+--------+--------+--------+--------+-----+--------+

Top non-repeatable levels by time:
  Lair:6: 2347 daAuts
  Lair:4: 1879 daAuts
 Swamp:4: 1808 daAuts
  Lair:5: 1581 daAuts
 Swamp:2: 1570 daAuts
     D:9: 1567 daAuts
    D:10: 1567 daAuts
    D:11: 1467 daAuts
     D:7: 1273 daAuts
    D:13: 1252 daAuts
  Lair:2: 1247 daAuts
     D:5: 1233 daAuts
     D:4: 1224 daAuts
  Lair:1: 1138 daAuts
     D:8: 1104 daAuts
